 Dungeon Crawl Stone Soup version 0.29.1-2-gbd0b4ee654 (webtiles) character file.

Game seed: 3377099625220677379

80 tkbsonic5 the Grave Robber (level 4, -5/24 HPs)
             Began as a Vampire Necromancer on Nov 28, 2022.
             Slain by Grinder (10 damage)
             ... on level 4 of the Dungeon.
             The game lasted 00:17:45 (3133 turns).

tkbsonic5 the Grave Robber (Vampire Necromancer)    Turns: 3133, Time: 00:17:47

Health: -5/24      AC:  0    Str:  3 (7)  XL:     4   Next: 18%
Magic:  6/8        EV: 17    Int: 16 (19) God:
Gold:   158        SH:  0    Dex: 16 (19) Spells: 3/8 levels left

rFire   . . .      SeeInvis +   (weapon currently unavailable)
rCold   + + .      Faith    .   (shield currently unavailable)
rNeg    + + +      Spirit   .   (body armour currently unavailable)
rPois   ∞          Reflect  .   (helmet currently unavailable)
rElec   .          Harm     .   (cloak currently unavailable)
rCorr   .          Rampage  .   (gloves currently unavailable)
Will    .....                   (boots currently unavailable)
Stlth   +++++.....              (no amulet)
HPRegen 0.00/turn               (ring currently unavailable)
MPRegen 0.11/turn               (ring currently unavailable)

@: about to teleport, bat-form, grasped by roots, flying, bloodless, inhibited
regen, constricted, very quick
A: fast, flying, no casting, tiny, bloodless, fangs 3, see invisible, vampiric 2
a: Revivify, End Transformation


You were on level 4 of the Dungeon.
You were a vampire bat.
You visited 1 branch of the dungeon, and saw 4 of its levels.

You collected 158 gold pieces.

Inventory:

Hand Weapons
 h - a +0 dagger
 p - a +0 whip (melded)
Armour
 a - a +2 robe
 b - a +1 hat
 d - a +0 chain mail
 e - a +0 helmet (melded)
 l - a +1 leather armour (melded)
Jewellery
 k - a ring of wizardry (melded)
 m - a ring of protection from fire (melded)
 n - an amulet of guardian spirit
Wands
 o - a wand of charming (8)
Scrolls
 c - a scroll of teleportation
Potions
 i - 4 potions of curing
 j - 2 potions of cancellation


   Skills:
 + Level 3.0 Dodging
 - Level 3.9 Stealth
 * Level 2.8 Spellcasting
 * Level 5.0 Necromancy


You had 3 spell levels left.
You knew the following spells:

 Your Spells              Type           Power      Damage    Failure   Level
a - Necrotise             Necr           72%        1d7       2%          1
b - Animate Dead          Necr           18%        N/A       24%         4

Your spell library contained the following spells:

 Spells                   Type           Power      Damage    Failure   Level
 Vampiric Draining        Necr           18%        2d7       7%          3
 Agony                    Necr           18%        N/A       54%         5


Dungeon Overview and Level Annotations

Branches:
Dungeon (4/15)
 Temple: D:4-7

Altars:

Annotations:
D:4 Grinder


Innate Abilities, Weirdness & Mutations

You are a vampire bat.
You are tiny and dextrous.
You move quickly.
You are flying.
You are immune to poison.
Your equipment is almost entirely melded.
You are incapable of wielding weapons or throwing items.
You cannot cast spells.
You do not regenerate when monsters are visible.
You are frail without blood (-20% HP).
You can heal yourself when you bite living creatures.
You are immune to poison.
You have razor-sharp teeth.
You have supernaturally acute eyesight. (SInv)
You are afflicted with vampirism and can become a bat while bloodless.


Message History

You are starting to lose your buoyancy.
It was a potion of heal wounds.
You feel much better.
Okay, then.
Okay, then.
You float gracefully downwards.
You swing at nothing.
You swing at nothing.
You swing at nothing.
You swing at nothing.
You swing at nothing.
You swing at nothing.
There is a stone staircase leading down here.
You climb downwards.
Found a runed hat and a wand of roots (12).
Found an escape hatch in the ceiling.
Found a stone staircase leading down.
There is a stone staircase leading up here.
Found an escape hatch in the floor.
You see here a +1 hat.
b - a +1 hat The helpless Grinder fails to defend herself.
You hit Grinder but do no damage.
Grinder zaps a wand.
The roots erupt in riotous growth!
The grasping roots grab you!
Grinder is unaffected.
The grasping roots constrict you.
You hear an angry hiss.
You hear a shout!
Unknown command.
Drinking this now will have no effect.
Okay, then.
As you read the scroll of teleportation, it crumbles to dust.
You feel strangely unstable. Grinder hits you.
The grasping roots constrict you!
* * * LOW HITPOINT WARNING * * *
You turn into a vampire bat.
Your +0 whip melds into your body.
Your +0 helmet melds into your body.
Your +1 leather armour melds into your body.
Your ring of wizardry melds into your body.
Your ring of protection from fire melds into your body.
You feel weakened.
You feel dopey.
You feel clumsy. Grinder hits you!
You die...

. ####### ..
#..5/># ...
#...b.# ....
#.....####.....
#....>.........
#......<#....#
#.....#.# ...
#.....#.# #
#####+#.. ....
.....


You could see Grinder.

Vanquished Creatures
  An adder (D:2)
  A worm (D:2)
  2 dart slugs (D:2)
  An orc (D:4)
  4 ball pythons
  7 endoplasms
  5 giant cockroaches
  4 goblins
  9 hobgoblins
  A quokka (D:1)
  6 bats
  6 frilled lizards
  8 kobolds
  5 rats
60 creatures vanquished.

Notes
Turn   | Place    | Note
-------+----------+-------------------------------------------
     0 | D:1      | tkbsonic5 the Vampire Necromancer began the quest for the
                  | Orb.
     0 | D:1      | Reached XP level 1. HP: 13/13 MP: 3/3
   233 | D:1      | Reached XP level 2. HP: 19/19 MP: 0/5
  1021 | D:1      | Found a faded altar of an unknown god.
  1134 | D:1      | Gained mutation: You are afflicted with vampirism and can
                  | become a bat while bloodless. [Vampire growth]
  1134 | D:1      | Reached XP level 3. HP: 24/24 MP: 3/6
  2413 | D:3      | Reached skill level 5 in Necromancy
  2413 | D:3      | Reached XP level 4. HP: 24/24 MP: 5/8
  2423 | D:3      | Learned a level 4 spell: Animate Dead
  2837 | D:4      | Noticed a necrophage
  3126 | D:4      | Noticed Grinder
  3133 | D:4      | Slain by Grinder

Illustrated notes

Levels and vault maps discovered:
D:1:      dpeg_arrival_rooms_c, layout_basic,
          hellmonk_ecumenical_altar_pennies_from_heaven, serial_glass,
          glass_columns_b, glass_columns_b, minmay_misc_feat_encased,
          minmay_pentomino_p2
D:2:      layout_basic, dk_vineyard_2
D:3:      layout_basic
D:4:      layout_basic, grunt_temple_overflow_opulence, hex_intersection,
          minmay_manual_monolith, uniq_grinder

Skill      XL: |  1  2  3  4 |
---------------+-------------+-----
Necromancy     | 5 |  5.0
Dodging        | 3 |  3.0
Stealth        | |  3.9
Spellcasting   | |  2.8

Action                   |  1- 3 |  4- 6 || total
-------------------------+-------+-------++-------
Melee: Dagger            |     6 |       ||     6
       Whip              |     3 |     3 ||     6
       Punch             |     1 |       ||     1
 Cast: Necrotise         |    94 |    15 ||   109
       Animate Dead      |       |     1 ||     1
 Abil: Exsanguinate      |     2 |       ||     2
       Bat Form          |       |     1 ||     1
  Use: Scroll            |     5 |     6 ||    11
       Potion            |       |     6 ||     6
 Stab: Sleeping          |       |     1 ||     1
Armor: Robe              |     1 |       ||     1
       Leather armour    |       |     2 ||     2
Dodge: Dodged            |    19 |     1 ||    20
